 Dungeon Crawl Stone Soup version 0.15-a0-1880-g53e602b (webtiles) character file.

1751 Kenran the Grappler (level 8, 0/64 HPs)
             Began as a Minotaur Monk on July 5, 2014.
             Was an Elder of Makhleb.
             Slain by an orc warrior
             ... wielding a +0 dire flail
              (17 damage)
             ... on Level 7 of the Dungeon.
             The game lasted 00:20:08 (7091 turns).

Kenran the Grappler (Minotaur Monk)                 Turns: 7091, Time: 00:20:08

HP   0/64        AC  5     Str 23      XL: 8   Next: 78%
MP   3/3         EV 12     Int  7      God: Makhleb [****..]
Gold 90          SH  0     Dex 12      Spells:  0 memorised,  7 levels left

rFire  . . .     SeeInvis .       - Unarmed
rCold  + . .     Clarity  .     e - +0 leather armour {rC+}
rNeg   . . .     rCorr    .     (no shield)
rPois  +         rRot     .     (helmet restricted)
rElec  .         Spirit   .     (no cloak)
SustAb .         Warding  .     (no gloves)
rMut   .         Stasis   .     d - +1 pair of boots
Gourm  .                        (no amulet)
MR     .....                    o - ring of poison resistance
                                k - +4 ring of strength

@: not resistant to hostile enchantments, very unstealthy
A: retaliatory headbutt, horns 2
a: Minor Destruction, Lesser Servant of Makhleb, Major Destruction, Renounce
Religion


You were on level 7 of the Dungeon.
You worshipped Makhleb.
Makhleb was greatly pleased with you.
You were hungry.

You visited 1 branch of the dungeon, and saw 7 of its levels.

You collected 321 gold pieces.
You spent 231 gold pieces at shops.

Inventory:

Armour
 d - a +1 pair of boots (worn)
 e - a +0 leather armour of cold resistance (worn)
Magical devices
 l - a wand of fire (12) {unknown}
 u - a wand of flame (8)
Comestibles
 b - 4 bread rations
 g - 3 meat rations
 n - a fruit
Scrolls
 c - 8 scrolls of identify
 f - 3 scrolls of enchant weapon
 j - a scroll of teleportation
 m - 3 scrolls of remove curse
 w - a scroll of fog
Jewellery
 a - an uncursed amulet of guardian spirit {unknown}
 h - an uncursed ring of protection from cold {unknown}
 k - a +4 ring of strength (left hand)
 o - a ring of poison resistance (right hand)
 t - an uncursed amulet of resist corrosion {unknown}
Potions
 i - a potion of brilliance {unknown}
 p - a potion of degeneration {unknown}
 q - 2 potions of curing {unknown}
 r - a potion of might
 s - 2 potions of agility {unknown}
 v - a potion of paralysis {unknown}


   Skills:
 - Level 3.6 Fighting
 - Level 3.2 Dodging
 - Level 1.5 Stealth
 + Level 12.7 Unarmed Combat


You had 7 spell levels left.
You didn't know any spells.

Dungeon Overview and Level Annotations

Branches:
Dungeon (7/15)
 Temple: D:4-7

Altars:
Gozag
Makhleb
Okawaru
Qazlal
Trog
Zin

Shops:
D:7 *

Annotations:
D:3 Jessica


Innate Abilities, Weirdness & Mutations

You reflexively headbutt those who attack you in melee.
You have a pair of horns on your head.


Message History

You see here a hobgoblin corpse.
You punch the orc warrior!
The orc warrior is moderately wounded.
The orc warrior hits you with a dire flail!
You barely miss the orc warrior.
You punch the orc warrior, but do no damage.
The orc warrior is moderately wounded.
The orc warrior hits you with a dire flail.
You hit the orc warrior. Your headbutt misses the orc warrior.
Your punch misses the orc warrior.
The orc warrior is moderately wounded.
You hit the orc warrior.
The orc warrior is heavily wounded.
The orc warrior hits you with a dire flail!!
* * * LOW HITPOINT WARNING * * *
You completely miss the orc warrior.
You headbutt the orc warrior, but do no damage.
The orc warrior is heavily wounded.
The orc warrior hits you with a dire flail!
You die...

##..## #..##
#..# ##..# ..##
##.## #..#
##.## ..##
#..## . ##..#
########.## ..
#.......#..# .#
........@#...>#
.
..<....o##..###
# ......# #.##
# .....# ..#
....# .## .## .
.# # ..#


You could see an orc warrior.

Vanquished Creatures
  Grinder (D:3)
  A water moccasin (D:5)
  A phantom (D:7)
  A necrophage (D:7)
  A centaur (D:5)
  2 ogres
  Sigmund (D:2)
  Blork the orc (D:7)
  A giant frog (D:7)
  A hippogriff zombie (D:7)
  2 crimson imps
  3 jellies
  A centaur skeleton (D:5)
  2 orc priests
  2 hounds (D:4)
  An iguana (D:5)
  5 worker ants
  Ijyb (D:2)
  The ghost of Charly the Insei, a weakling MfTm (D:3)
  6 gnolls
  5 adders
  3 giant mites
  A worm (D:3)
  6 giant geckos
  11 orcs
  A ball python (D:3)
  A bat zombie (D:7)
  2 giant cockroaches
  17 goblins
  15 hobgoblins
  7 jackals
  6 quokkas
  10 bats
  3 giant newts
  9 kobolds
  A quokka zombie (D:6)
  14 rats
  A rat skeleton (D:7)
  2 ballistomycetes (D:6)
  2 bushes (D:3)
  A plant (D:3)
153 creatures vanquished.

Vanquished Creatures (others)
  A giant spore (D:6)
1 creature vanquished.

Grand Total: 154 creatures vanquished

Notes
Turn   | Place    | Note
--------------------------------------------------------------
     0 | D:1      | Kenran, the Minotaur Monk, began the quest for the Orb.
     0 | D:1      | Reached XP level 1. HP: 19/19 MP: 1/1
   223 | D:1      | Reached XP level 2. HP: 26/26 MP: 1/1
   282 | D:1      | Reached skill level 5 in Unarmed Combat
  1166 | D:2      | Reached XP level 3. HP: 31/31 MP: 2/2
  1355 | D:2      | Noticed Sigmund
  1374 | D:2      | Killed Sigmund
  1374 | D:2      | Reached skill level 6 in Unarmed Combat
  1374 | D:2      | Reached XP level 4. HP: 11/39 MP: 2/2
  1753 | D:2      | Noticed Ijyb
  1775 | D:2      | Killed Ijyb
  1839 | D:2      | Reached XP level 5. HP: 45/45 MP: 2/2
  1849 | D:2      | Reached skill level 7 in Unarmed Combat
  2491 | D:3      | Noticed Jessica
  2916 | D:3      | Found a burning altar of Makhleb.
  2929 | D:3      | Became a worshipper of Makhleb the Destroyer
  2929 | D:3      | Acquired Makhleb's first power
  2929 | D:3      | Acquired Makhleb's second power
  3140 | D:3      | Noticed Charly's ghost (weakling MfTm)
  3157 | D:3      | Found a bloodstained altar of Trog.
  3191 | D:3      | Noticed Grinder
  3196 | D:3      | Paralysed by Grinder for 6 turns
  3215 | D:3      | Killed Grinder
  3215 | D:3      | Reached skill level 8 in Unarmed Combat
  3215 | D:3      | Reached XP level 6. HP: 43/51 MP: 3/3
  3261 | D:3      | Killed Charly's ghost
  3572 | D:4      | Reached skill level 9 in Unarmed Combat
  3780 | D:4      | Reached XP level 7. HP: 52/57 MP: 3/3
  4178 | D:4      | Found an opulent altar of Gozag.
  4225 | D:4      | Reached skill level 10 in Unarmed Combat
  4286 | D:5      | Entered Level 5 of the Dungeon
  4909 | D:5      | Acquired Makhleb's third power
  5001 | D:5      | Reached skill level 11 in Unarmed Combat
  5001 | D:5      | Reached XP level 8. HP: 37/64 MP: 3/3
  6073 | D:6      | Found a glowing silver altar of Zin.
  6185 | D:7      | Found a flagged portal.
  6186 | D:7      | Found a stormy altar of Qazlal.
  6272 | D:7      | Found Ketaf Pni's Assorted Antiques.
  6287 | D:7      | Bought a dazzling leather armour for 231 gold pieces
  6295 | D:7      | Identified the +0 leather armour of Uxenol {Dex-2 Int-3} (You bought it in a shop on level 7 of the Dungeon)
  6330 | D:7      | Reached skill level 12 in Unarmed Combat
  6346 | D:7      | Acquired Makhleb's fourth power
  6602 | D:7      | Found an iron altar of Okawaru.
  6630 | D:7      | Noticed Blork the orc
  6642 | D:7      | Killed Blork the orc
  7091 | D:7      | Slain by an orc warrior

Action                   |  1- 3 |  4- 6 |  7- 9 || total
-------------------------+-------+-------+-------++-------
Melee: Unarmed           |    54 |   227 |   169 ||   450
  Use: Scroll            |     6 |     4 |     2 ||    12
       Potion            |     1 |     3 |       ||     4
 Stab: Sleeping          |     1 |     1 |     2 ||     4
